 Dungeon Crawl Stone Soup version 0.25.1-8-g42b30a86e7 (webtiles) character file.

Game seed: 675733877507741806

943 Gabide the Skirmisher (level 8, -7/91 HPs)
             Began as a Human Abyssal Knight on Dec 7, 2020.
             Was a Priest of Lugonu.
             Killed from afar by an orc wizard (11 damage)
             ... with a puff of frost
             ... on level 5 of the Dungeon.
             The game lasted 00:15:53 (7799 turns).

Gabide the Skirmisher (Human Abyssal Knight)        Turns: 7799, Time: 00:15:53

Health: -7/91      AC: 24    Str: 14    XL:     8   Next: 34%
Magic:  11/11      EV:  2    Int: 13    God:    Lugonu [***...]
Gold:   224        SH:  0    Dex: 13    Spells: 7/7 levels left

rFire    . . .     SeeInvis +   o - +1 whip (flame)
rCold    . . .     Gourm    .   (no shield)
rNeg     + + +     Faith    .   (armour currently unavailable)
rPois    +         Spirit   .   (helmet currently unavailable)
rElec    .         Reflect  .   (cloak currently unavailable)
rCorr    .         Harm     .   (gloves currently unavailable)
MR       .....     NoTele   +   (boots currently unavailable)
Stlth    +.........             (no amulet)
HPRegen  0.25/turn              h - ring of see invisible
MPRegen  0.12/turn              (no ring)

@: tree-form, hasted, very quick
A: no striking features
a: Depart the Abyss, Bend Space, Banish, Renounce Religion


You were on level 5 of the Dungeon.
You worshipped Lugonu.
Lugonu was most pleased with you.
You were very hungry.
You were a tree.
You visited 1 branch of the dungeon, and saw 6 of its levels.
You visited the Abyss 1 time.

You collected 268 gold pieces.
You spent 44 gold pieces at shops.

Inventory:

Hand Weapons
 a - a +1 spear
 o - a +1 whip of flaming (weapon)
Armour
 g - the +2 leather armour of Intuition (melded) {MR+ Str+4}
   (You found it on level 4 of the Dungeon)

   It affects your strength (+4).
   It affects your resistance to hostile enchantments.
 s - a +1 ring mail
Jewellery
 f - an uncursed ring of fire
 h - a ring of see invisible (left branch)
Scrolls
 e - 6 scrolls of teleportation
 i - 3 scrolls of blinking
 j - 4 scrolls of remove curse
 n - 4 scrolls of fog
 q - 2 scrolls of fear
Potions
 b - a potion of heal wounds {unknown}
 d - 4 potions of brilliance
 k - a potion of mutation
 l - a potion of haste
 m - a potion of flight
 p - a potion of lignification
Comestibles
 c - 7 rations


   Skills:
 + Level 4.5 Fighting
 * Level 4.4 Maces & Flails
 - Level 3.1 Polearms
 * Level 3.6 Throwing
 + Level 3.4 Armour
 + Level 2.6 Dodging
 * Level 4.0 Invocations


You had 7 spell levels left.
You didn't know any spells.
Your spell library contained the following spells:

 Spells                   Type           Power        Failure   Level  Hunger
 Corona                   Hex            #......      30%         1    ##.....
 Freeze                   Ice            #...         30%         1    ##.....
 Ensorcelled Hibernation  Hex/Ice        #.....       43%         2    ###....
 Confusing Touch          Hex            #.......     67%         3    ####...
 Dazzling Flash           Conj/Hex       #.....       67%         3    ####...
 Frozen Ramparts          Ice            #.....       67%         3    ####...
 Ozocubu's Armour         Chrm/Ice       #.......     67%         3    ####...
 Tukima's Dance           Hex            #.......     67%         3    ####...
 Hailstorm                Conj/Ice       #.......     97%         4    #####..
 Summon Ice Beast         Ice/Summ       #.......     97%         4    #####..


Dungeon Overview and Level Annotations

Branches:
Dungeon (6/15)
 Temple: D:4-7

Altars:
Okawaru
Trog
Xom

Shops:
D:4 *

Annotations:
D:5 Edmund


Message History

* * * LOW HITPOINT WARNING * * *
You closely miss the orc wizard.
The orc wizard is heavily wounded.
The orc wizard gestures at you while chanting.
The puff of flame hits you but does no damage.
You hit the orc wizard but do no damage.
The orc wizard is heavily wounded.
Edmund hits you but does no damage.
The orc wizard hits you but does no damage.
You miss the orc wizard.
The orc wizard is heavily wounded.
The orc wizard casts a spell at you. The puff of frost hits you.
* * * LOW HITPOINT WARNING * * *
You hit the orc wizard. You burn the orc wizard.
The orc wizard is heavily wounded.
Edmund hits you but does no damage.
The orc wizard points at you and mumbles some strange words.
The puff of frost hits you!
You die...

............#.............#....##
..##........(...#..........#..##
...##........>.<..............#
..#.....###.[)........##......##
.<##.#.#.###...........#.##....##
..#.###.#...............###...#.#
...## #.................# #.#.###
..## #...#....o@......#####..##
..## #.###.....♣........#.#...#
...####.#.....................##
.....#.......#...........^....#
......#......##.....##........##
..#...##......#....###.##......#
.#....##.##........###.##..#...##
.###..##.###......#....#..#####.#
.# ##.##.###...#......#...# ##.
## #..##.##....#..#.#....## ##


You could see Edmund and an orc wizard (fast).

Vanquished Creatures
  3 phantoms
  A centaur (D:5)
  2 howler monkeys
  A crimson imp (D:5)
  2 orc priests (D:5)
  A hound (D:5)
  2 orc wizards (D:5)
  A bullfrog skeleton (D:4)
  An iguana (D:4)
  2 worker ants (D:5)
  2 hound skeletons
  7 adders
  3 gnolls
  A shadow imp (D:5)
  4 oozes
  An adder skeleton (D:5)
  A worm (D:3)
  A leopard gecko (D:2)
  16 orcs
  3 ball pythons
  5 giant cockroaches
  8 hobgoblins
  5 jackals
  4 bats
  5 frilled lizards
  8 goblins
  A jackal skeleton (D:4)
  6 kobolds
  A leopard gecko skeleton (D:6)
  A quokka skeleton (D:6)
99 creatures vanquished.

Notes
Turn   | Place    | Note
-------+----------+-------------------------------------------
     0 | Abyss:1  | Gabide the Human Abyssal Knight began the quest for the
                  | Orb.
     0 | Abyss:1  | Reached XP level 1. HP: 18/18 MP: 2/2
    34 | Abyss:1  | Noticed a raiju
    34 | Abyss:1  | Noticed a wraith
    35 | D:1      | Escaped the Abyss
   290 | D:1      | Reached * piety under Lugonu
   449 | D:1      | Reached XP level 2. HP: 24/24 MP: 3/3
  1027 | D:1      | Reached XP level 3. HP: 17/29 MP: 4/4
  1608 | D:2      | Reached XP level 4. HP: 30/36 MP: 5/5
  2141 | D:2      | Reached skill level 1 in Throwing
  2141 | D:2      | Reached XP level 5. HP: 38/42 MP: 6/6
  2605 | D:2      | Found a shimmering altar of Xom.
  3303 | D:3      | Reached ** piety under Lugonu
  3621 | D:3      | Reached skill level 1 in Maces & Flails
  3623 | D:3      | Found a bloodstained altar of Trog.
  4126 | D:3      | Found a faded altar of an unknown god.
  4282 | D:4      | Found Beasycab's General Store.
  4292 | D:4      | Reached XP level 6. HP: 45/48 MP: 8/8
  4310 | D:4      | Bought a scroll of identify for 22 gold pieces
  4310 | D:4      | Bought a scroll of identify for 22 gold pieces
  4531 | D:4      | Noticed a phantom
  4623 | D:4      | Killed a phantom
  4857 | D:4      | Found a shimmering altar of Xom.
  4878 | D:4      | Noticed a phantom
  4880 | D:4      | Found an iron altar of Okawaru.
  4903 | D:4      | Killed a phantom
  4903 | D:4      | Reached XP level 7. HP: 10/54 MP: 9/9
  5473 | D:4      | Got a twisted leather armour
  5484 | D:4      | Identified the +2 leather armour of Intuition {MR+ Str+4}
                  | (You found it on level 4 of the Dungeon)
  5597 | D:5      | Entered Level 5 of the Dungeon
  5856 | D:5      | Reached *** piety under Lugonu
  6706 | D:5      | Reached XP level 8. HP: 60/60 MP: 10/10
  7755 | D:6      | Noticed Edmund
  7798 | D:5      | HP: 4/91 [orc wizard/puff of frost (4)]
  7799 | D:5      | Killed from afar by an orc wizard

Illustrated notes

Levels and vault maps discovered:
D:1:      lemuel_arrival_rhombus, layout_basic
D:2:      wander_river, layout_loops_corners, tgw_xom
D:3:      layout_loops_cross, lemuel_round_altar,
          chequers_ecumenical_altar_twisty, first_ration
D:4:      layout_rooms, okawaru_gym_becter, serial_shops, shop,
          lemuel_altar_in_water
D:5:      layout_layer_cave
D:6:      minmay_flawed_box, layout_basic, minitemple, kennysheep_mini,
          serial_rivers, chequers_serial_rivers_marsh,
          chequers_serial_rivers_room_b, chequers_serial_rivers_marsh,
          chequers_serial_rivers_small_a, chequers_serial_rivers_micro_b,
          roderic_serpentine_path, nrook_uturn, uniq_edmund, uniq_duvessa

Skill      XL: |  1  2  3  4  5  6  7  8 |
---------------+-------------------------+-----
Polearms       | 3 |  3.1
Throwing       | 1 2 3 |  3.6
Maces & Flails | 1 2 3 4 |  4.4
Fighting       | 4 |  4.5
Dodging        | 2 |  2.6
Invocations    | 3 4 |  4.0
Armour         | 3 |  3.4

Action                   |  1- 3 |  4- 6 |  7- 9 || total
-------------------------+-------+-------+-------++-------
Melee: Spear             |    70 |    78 |       ||   148
       Whip              |       |   144 |   236 ||   380
Throw: Stone             |    14 |    85 |       ||    99
       Dart              |       |       |    23 ||    23
Invok: Depart the Abyss  |     1 |       |       ||     1
       Bend Space        |       |       |     3 ||     3
  Use: Scroll            |     4 |     9 |       ||    13
       Potion            |     2 |     1 |     2 ||     5
  Eat: Chunk             |     1 |    11 |     2 ||    14
       Ration            |       |       |     2 ||     2
Armor: Leather armour    |    10 |    27 |    45 ||    82
       Ring mail         |       |     8 |     2 ||    10
       Skin              |       |       |    23 ||    23
Dodge: Dodged            |    35 |   109 |   139 ||   283
